 Dungeon Sprint DCSS version 0.17.1-1-g73c8601 (webtiles) character file.

7065 Ponchio the Eclecticist (level 10, 0/50 HPs)
             Began as a Deep Elf Fire Elementalist on Dec 24, 2015.
             Was the Champion of Vehumet.
             Splashed by an acid blob's acid (10 damage)
             ... in the Dungeon (Sprint V: "Ziggurat Sprint") on Dec 25, 2015.
             The game lasted 00:32:21 (1657 turns).

Ponchio the Eclecticist (DEFE)                      Turns: 1657, Time: 00:32:21

Health: 0/50       AC: -4    Str:  5    XL:     10   Next: 83%
Magic:  18/42      EV: 24    Int: 30    God:    Vehumet [******]
Gold:   0          SH:  0    Dex: 27    Spells: 5 memorised, 31 levels left

rFire  + . .     SeeInvis +     I - +6 Majin-Bo {vamp, Archmagi MP+6 Int+6}
rCold  . . .     Clarity  .     S - +1 leather armour "Juirr" {SInv}
rNeg   . . .     SustAt   .     (shield currently unavailable)
rPois  .         Gourm    .     (no helmet)
rElec  .         Spirit   .     (no cloak)
rCorr  .         Warding  .     (no gloves)
rMut   .         NoTele   +     (no boots)
MR     +....                    m - amulet of Eggeanus {+Rage rF+}
Stlth  +++.......               z - +6 ring of dexterity
                                y - +6 ring of dexterity

@: corroded equipment, very slightly contaminated, hasted, repel missiles, very
quick, somewhat resistant to hostile enchantments, fairly stealthy
A: no striking features
a: Renounce Religion, Evoke Berserk Rage


You were in the Dungeon.
You worshipped Vehumet.
Vehumet was exalted by your worship.
You were not hungry.

You visited 1 branch

Inventory:

Hand Weapons
 I - the +6 Majin-Bo (weapon) {vamp, Archmagi MP+6 Int+6}
   (You found it in the Dungeon)

   It inflicts no extra harm, but heals its wielder somewhat when it strikes a
   living foe.
   It affects your intelligence (+6).
   It affects your magic capacity (+6).
Armour
 a - a +0 robe
 J - the +15 Maxwell's patent armour {-Cast -Tele rElec MR+ rCorr}
   (You found it in the Dungeon)

   It insulates you from electricity.
   It affects your resistance to hostile enchantments.
   It prevents spellcasting.
   It prevents most forms of teleportation.
   It protects you from acid and corrosion.
 S - the +1 leather armour "Juirr" (worn) {SInv}
   (You found it in the Dungeon)

   It lets you see invisible.
Rods
 M - a +5 rod of ignition (14/14)
   (You found it in the Dungeon)
 O - a +4 lightning rod (9/9)
   (You found it in the Dungeon)
Jewellery
 m - the amulet of Eggeanus (around neck) {+Rage rF+}
   (You found it in the Dungeon)

   [amulet of rage]

   It protects you from fire.
   It lets you go berserk.
 y - a +6 ring of dexterity (left hand)
 z - a +6 ring of dexterity (right hand)
 A - a +6 ring of intelligence
 B - a +6 ring of intelligence
 C - a +6 ring of strength
 D - a +6 ring of strength
Wands
 E - a wand of disintegration (1)
 F - a wand of fire (2)
 G - a wand of cold (0)
 H - a wand of draining (4)
Scrolls
 i - 4 scrolls of blinking
 p - 4 scrolls of amnesia
 q - 3 scrolls of recharging
 r - 7 scrolls of fog
 s - a scroll of holy word
 t - 5 scrolls of identify
 u - 5 scrolls of remove curse
 v - 2 scrolls of fear
 K - a scroll of brand weapon
Potions
 d - 8 potions of curing
 e - 7 potions of heal wounds
 f - 5 potions of haste
 g - 7 potions of magic
 h - 3 potions of berserk rage
 j - 2 potions of brilliance
 k - 2 potions of invisibility
 l - 3 potions of resistance
 n - 5 potions of agility
 o - 5 potions of might
Books
 b - a book of Flames

   Spells                             Type                      Level
   a - Flame Tongue                   Conjuration/Fire             1
   b - Throw Flame                    Conjuration/Fire             2
   c - Conjure Flame                  Conjuration/Fire             3
   d - Inner Flame                    Hexes/Fire                   3
   e - Sticky Flame                   Conjuration/Fire             4
   f - Fireball                       Conjuration/Fire             5
 L - a book of Burglary

   Spells                             Type                      Level
   a - Swiftness                      Charms/Air                   2
   b - Passwall                       Transmutation/Earth          3
   c - Passage of Golubria            Translocation                4
   d - Lee's Rapid Deconstruction     Earth                        5
   e - Darkness                       Hexes                        6
   f - Invisibility                   Hexes                        6
 N - the Volume of Lethal Air
   (You found it in the Dungeon)

   Spells                             Type                      Level
   a - Shock                          Conjuration/Air              1
   b - Repel Missiles                 Charms/Air                   2
   c - Swiftness                      Charms/Air                   2
   d - Static Discharge               Conjuration/Air              3
   e - Silence                        Hexes/Air                    5
   f - Conjure Ball Lightning         Conjuration/Air              6
 Q - a book of Unlife

   Spells                             Type                      Level
   a - Recall                         Summoning/Translocation      3
   b - Animate Dead                   Necromancy                   4
   c - Control Undead                 Necromancy                   4
   d - Cigotuvi's Embrace             Necromancy                   5
   e - Death Channel                  Necromancy                   6
   f - Simulacrum                     Ice/Necromancy               6
 R - the Compendium of Transmigration and Earth
   (You found it in the Dungeon)

   Spells                             Type                      Level
   a - Beastly Appendage              Transmutation                1
   b - Stoneskin                      Transmutation/Earth          2
   c - Petrify                        Transmutation/Earth          4
   d - Alistair's Intoxication        Transmutation/Poison         4
   e - Irradiate                      Conjuration/Transmutation    5
Miscellaneous
 P - a stone of tremors
Comestibles
 c - 5 bread rations
 w - 38 fruits
 x - 3 meat rations


   Skills:
 + Level 12.0 Dodging
 - Level 2.4 Stealth
 - Level 20.0 Spellcasting
 - Level 11.8 Conjurations
 - Level 6.2 Necromancy
 - Level 11.6 Fire Magic
 + Level 4.2 Earth Magic
 - Level 8.0 Evocations


You had 31 spell levels left.
You knew the following spells:

 Your Spells              Type           Power        Failure   Level  Hunger
a - Flame Tongue          Conj/Fire      #####        1%          1    None
b - Fireball              Conj/Fire      ########..   1%          5    None
c - Repel Missiles        Chrm/Air       #####.       3%          2    None
d - Control Undead        Necr           #######...   1%          4    None
e - Iron Shot             Conj/Erth      #######...   3%          6    None


Dungeon Overview and Level Annotations

Branches:
Dungeon (1/1)

Altars:
Ashenzari
Cheibriados
Dithmenos
Elyvilon
Fedhas
Gozag
Kikubaaqudgha
Makhleb
Nemelex Xobeh
Okawaru
Qazlal
Ru
Sif Muna
Trog
Vehumet
Xom
Yredelemnul
Zin
The Shining One
Beogh
Jiyva
Lugonu


Message History

The fireball engulfs the slime creature.
The slime creature is moderately wounded.
You hear a distant slurping noise.
A slime creature comes into view.
Casting: Fireball
Confirm with . or Enter, or press ? or * to list all spells.
Aiming: Fireball
Press: ? - help, Shift-Dir - straight line, p - acid blob You feel a surge of power!
The fireball explodes!
The fireball engulfs the acid blob.
The acid blob is severely wounded.
The fireball engulfs the azure jelly.
The azure jelly is burned terribly!
The azure jelly is severely wounded.
The fireball engulfs the acid blob.
The acid blob is almost dead.
The acid blob spits acid at you. The splash of acid hits you!
* * * LOW HITPOINT WARNING * * *
The acid corrodes you!
The acid burns!
You die...

▓..}=)))..▓.
▓..=JJJ)..▓..})))=..▓.
▓......JJ.▓.........▓.
▓....J....▓....†....▓.
▓.....J...▓....†....▓.
▓...JJ....▓.........▓.
▓....J....▓.........▓.
▓.▓.....▓.▓.▓.....▓.▓.
▓....@....▓.........▓▓
▓▓▓▓▓▓▓▓▓▓▓▓▓▓▓▓▓▓▓▓▓


You could see 2 acid blobs, an azure jelly, 4 slime creatures, 2 jellies and an
ooze.

Vanquished Creatures
  A great orb of eyes (D)
  An unseen horror (D)
  A komodo dragon (D)
  2 fire drakes (D)
  2 polar bears (D)
  3 jumping spiders (D)
  A tarantella (D)
  A redback (D)
  2 yaks (D)
  2 spriggans (D)
  2 wraiths (D)
  A hell hound (D)
  A porcupine (D)
  5 wolves (D)
  2 swamp drakes (D)
  A black bear (D)
  A wasp (D)
  3 phantoms (D)
  5 necrophages (D)
  4 scorpions (D)
  2 wights (D)
  An orc priest (D)
  A sheep (D)
  A river rat (D)
  3 white imps (D)
  An ufetubus (D)
  An adder zombie (D)
  3 adder skeletons (D)
  An adder simulacrum (D)
  An orc (D)
  A bat zombie (D)
  A ball python zombie (D)
  A giant cockroach simulacrum (D)
  A giant cockroach zombie (D)
  A jackal (D)
  A quokka skeleton (D)
  A quokka zombie (D)
63 creatures vanquished.

Vanquished Creatures (collateral kills)
  A tormentor (D)
  A large abomination (D)
  A crimson imp (D)
3 creatures vanquished.

Grand Total: 66 creatures vanquished

Notes
Turn   | Place    | Note
--------------------------------------------------------------
     0 | D        | Ponchio the Deep Elf Fire Elementalist began the quest for the Orb.
     0 | D        | Reached XP level 1. HP: 10/10 MP: 6/6
     0 | D        | Found a roughly hewn altar of Beogh.
     0 | D        | Found a viscous altar of Jiyva.
     0 | D        | Found a corrupted altar of Lugonu.
     0 | D        | Found a white marble altar of Elyvilon.
     0 | D        | Found a sparkling altar of Nemelex Xobeh.
     1 | D        | Found a burning altar of Makhleb.
     1 | D        | Found an iron altar of Okawaru.
     1 | D        | Found a deep blue altar of Sif Muna.
     1 | D        | Found a radiant altar of Vehumet.
     1 | D        | Found a bloodstained altar of Trog.
     1 | D        | Found a shimmering altar of Xom.
    34 | D        | Became a worshipper of Vehumet
    51 | D        | Reached skill level 8 in Evocations
    51 | D        | Reached XP level 2. HP: 15/15 MP: 8/9
    99 | D        | Entered arena 1.
    99 | D        | Noticed an orc priest
   100 | D        | Killed an orc priest
   100 | D        | Reached XP level 3. HP: 19/19 MP: 10/10
   168 | D        | Entered arena 2.
   168 | D        | Noticed a necrophage
   169 | D        | Killed a necrophage
   169 | D        | Reached * piety under Vehumet
   169 | D        | Offered knowledge of Magic Dart by Vehumet.
   169 | D        | Reached XP level 4. HP: 24/24 MP: 12/12
   202 | D        | Got the amulet of Eggeanus {+Rage rF+}
   206 | D        | Entered arena 3.
   206 | D        | Noticed a swamp drake
   206 | D        | Noticed a swamp drake
   206 | D        | Noticed a fire drake
   206 | D        | Noticed a fire drake
   210 | D        | Killed a fire drake
   210 | D        | Reached ** piety under Vehumet
   210 | D        | Reached skill level 9 in Conjurations
   210 | D        | Reached XP level 5. HP: 11/28 MP: 13/13
   210 | D        | Reached XP level 6. HP: 12/32 MP: 14/14
   216 | D        | Killed a swamp drake
   216 | D        | Reached skill level 10 in Conjurations
   216 | D        | Reached skill level 10 in Fire Magic
   217 | D        | Killed a fire drake
   217 | D        | Reached skill level 11 in Conjurations
   217 | D        | Reached XP level 7. HP: 13/36 MP: 15/15
   218 | D        | Killed a swamp drake
   296 | D        | Learned a level 5 spell: Fireball
   422 | D        | Entered arena 4.
   422 | D        | Noticed a phantom
   422 | D        | Noticed a phantom
   422 | D        | Noticed a necrophage
   422 | D        | Noticed a necrophage
   423 | D        | Killed a necrophage
   423 | D        | Offered knowledge of Freeze by Vehumet.
   423 | D        | Reached *** piety under Vehumet
   423 | D        | Reached skill level 5 in Spellcasting
   423 | D        | Killed a phantom
   424 | D        | Killed a necrophage
   426 | D        | Killed a phantom
   426 | D        | Reached XP level 8. HP: 23/41 MP: 6/22
   601 | D        | Entered arena 5.
   601 | D        | Noticed a polar bear
   601 | D        | Noticed a polar bear
   602 | D        | Offered knowledge of Dazzling Spray by Vehumet.
   602 | D        | Reached **** piety under Vehumet
   602 | D        | Killed a polar bear
   603 | D        | Killed a polar bear
   603 | D        | Reached skill level 12 in Spellcasting
   609 | D        | Identified the Volume of Lethal Air (You found it in the Dungeon)
   613 | D        | Learned a level 2 spell: Repel Missiles
   683 | D        | Entered arena 6.
   683 | D        | Noticed a phantom
   683 | D        | Noticed a necrophage
   683 | D        | Noticed a wight
   683 | D        | Noticed a wight
   684 | D        | Killed a wight
   684 | D        | Reached ***** piety under Vehumet
   685 | D        | Killed a wight
   686 | D        | Killed a phantom
   686 | D        | Reached skill level 13 in Spellcasting
   686 | D        | Killed a necrophage
   810 | D        | Entered arena 7.
   810 | D        | Noticed a large abomination
   810 | D        | Noticed a crimson imp
   811 | D        | Offered knowledge of Mephitic Cloud by Vehumet.
   814 | D        | Killed an unseen horror
   814 | D        | Reached skill level 15 in Spellcasting
   814 | D        | Reached XP level 9. HP: 34/45 MP: 26/30
   825 | D        | Killed a wolf
   825 | D        | Reached ****** piety under Vehumet
   825 | D        | Reached skill level 16 in Spellcasting
   834 | D        | HP: 2/45 [large abomination (28)]
   835 | D        | Killed a crimson imp
   838 | D        | Killed a large abomination
   963 | D        | Entered arena 8.
   963 | D        | Noticed a komodo dragon
   963 | D        | Noticed a yak
   963 | D        | Noticed a porcupine
   963 | D        | Noticed a yak
   964 | D        | Killed a porcupine
   964 | D        | Offered knowledge of Iskenderun's Mystic Blast by Vehumet.
   964 | D        | Reached skill level 17 in Spellcasting
   965 | D        | Killed a yak
   966 | D        | Killed a komodo dragon
   966 | D        | Reached skill level 18 in Spellcasting
   966 | D        | Killed a yak
   990 | D        | Learned a level 4 spell: Control Undead
  1065 | D        | Entered arena 9.
  1065 | D        | Noticed a black bear
  1065 | D        | Noticed a wolf
  1065 | D        | Noticed a wolf
  1065 | D        | Noticed a wolf
  1065 | D        | Noticed a spriggan
  1065 | D        | Noticed a spriggan rider
  1065 | D        | Noticed a wolf
  1066 | D        | Killed a spriggan
  1066 | D        | Reached skill level 1 in Necromancy
  1066 | D        | Killed a black bear
  1066 | D        | Killed a wolf
  1067 | D        | Killed a wolf
  1067 | D        | Reached skill level 19 in Spellcasting
  1069 | D        | Killed a spriggan rider
  1069 | D        | Killed a wasp
  1069 | D        | Reached skill level 5 in Necromancy
  1069 | D        | Reached XP level 10. HP: 24/50 MP: 32/35
  1071 | D        | Killed a wolf
  1072 | D        | Killed a wolf
  1072 | D        | Reached skill level 20 in Spellcasting
  1316 | D        | Identified the Compendium of Transmigration and Earth (You found it in the Dungeon)
  1323 | D        | Got the +1 leather armour "Juirr" {SInv}
  1352 | D        | Entered arena 10.
  1352 | D        | Noticed a tarantella
  1352 | D        | Noticed a scorpion
  1352 | D        | Noticed a jumping spider
  1352 | D        | Noticed a jumping spider
  1352 | D        | Noticed a scorpion
  1352 | D        | Noticed a scorpion
  1352 | D        | Noticed a scorpion
  1352 | D        | Noticed a jumping spider
  1352 | D        | Noticed a redback
  1353 | D        | Killed a scorpion
  1353 | D        | Offered knowledge of Ozocubu's Refrigeration by Vehumet.
  1353 | D        | Killed a scorpion
  1353 | D        | Killed a jumping spider
  1353 | D        | Reached skill level 5 in Dodging
  1354 | D        | Killed a scorpion
  1354 | D        | Killed a redback
  1354 | D        | Killed a scorpion
  1355 | D        | Killed a jumping spider
  1356 | D        | Killed a jumping spider
  1356 | D        | Killed a tarantella
  1482 | D        | Entered arena 11.
  1482 | D        | Noticed a hell hound
  1482 | D        | Noticed a tormentor
  1482 | D        | Noticed a wraith
  1483 | D        | Noticed a wraith
  1483 | D        | Killed a hell hound
  1487 | D        | Noticed a necrophage
  1492 | D        | Killed a tormentor
  1492 | D        | Offered knowledge of Iron Shot by Vehumet.
  1492 | D        | Reached skill level 10 in Dodging
  1494 | D        | Killed a wraith
  1494 | D        | Killed a wraith
  1495 | D        | Killed a necrophage
  1648 | D        | Learned a level 6 spell: Iron Shot
  1650 | D        | Entered arena 12.
  1650 | D        | Noticed a slime creature
  1650 | D        | Noticed an acid blob
  1650 | D        | Noticed an acid blob
  1650 | D        | Noticed a slime creature
  1650 | D        | Noticed a great orb of eyes
  1652 | D        | Noticed an azure jelly
  1652 | D        | Noticed a jelly
  1654 | D        | Noticed a jelly
  1654 | D        | Noticed a slime creature
  1654 | D        | Killed a great orb of eyes
  1654 | D        | Offered knowledge of Delayed Fireball by Vehumet.
  1657 | D        | Noticed a slime creature
  1657 | D        | Splashed by an acid blob's acid

Action                   |  1- 3 |  4- 6 |  7- 9 | 10-12 || total
-------------------------+-------+-------+-------+-------++-------
Melee: Quarterstaff      |     2 |     6 |     9 |       ||    17
 Cast: Fireball          |       |       |    16 |    12 ||    28
       Repel Missiles    |       |       |     1 |       ||     1
       Iron Shot         |       |       |       |     3 ||     3
       Control Undead    |       |       |       |     2 ||     2
Evoke: Wand              |     2 |     7 |     4 |     2 ||    15
       Stone of tremors  |       |       |     1 |       ||     1
  Use: Potion            |     1 |     2 |     2 |     5 ||    10
  Eat: Fruit             |     2 |     1 |     1 |       ||     4
       Meat ration       |       |       |     1 |       ||     1
